Map: [ESL] Hecate

Players

cyan

  • Race: Protoss Protoss
  • League: Grandmaster
  • Spawn Location: 7:00

ONSYDERyung (Ryung) - Winner!

  • Race: Terran Terran
  • Spawn Location: 1:00

Event: IEM Katowice 2024

VOD

Have the link to the VOD?

Description

Time

  • Played on: Dec. 6, 2023, 5:14 a.m.
  • Length: 21:42

All games in this series

Show
View Real Time Build Order
Export as new Build Order

cyan Protoss 

Build Orders: 1 Gate Expand, Blink Stalkers, Chargelot Immortal 

Get SALT Encoding   

  12  0:00  Probe  
  13  0:12  Probe  
  14  0:17  Pylon  
  14  0:24  Probe (Chrono Boost)  
  15  0:36  Gateway, Probe (Chrono Boost)  
  16  0:44  Probe (Chrono Boost)  
  16  0:45  Assimilator  
  17  0:51  Probe  
  18  1:03  Probe  
  19  1:15  Probe  
  20  1:21  Nexus  
  20  1:30  Cybernetics Core  
  20  1:33  Probe  
  20  1:38  Assimilator  
  21  1:45  Probe  
  22  1:48  Pylon  
  22  1:57  Probe  
  23  2:04  Adept (Chrono Boost)  
  23  2:06  Warp Gate  
  25  2:09  Probe  
  26  2:19  Twilight Council  
  26  2:21  Probe  
  27  2:26  Stalker (Chrono Boost)  
  29  2:33  Probe (Chrono Boost)  
  31  2:39  Probe (Chrono Boost)  
  31  2:43  Probe (Chrono Boost)  
  32  2:47  Probe (Chrono Boost)  
  32  2:48  Probe (Chrono Boost)  
  32  2:49  Stalker (Chrono Boost)  
  36  2:56  Blink (Chrono Boost)  
  36  2:57  Probe  
  37  3:02  Probe  
  38  3:10  Gateway  
  38  3:11  Probe  
  39  3:15  Probe  
  40  3:20  Robotics Facility  
  40  3:23  Probe  
  41  3:27  Probe  
  41  3:29  Pylon  
  42  3:35  Probe  
  42  3:38  Shield Battery  
  42  3:40  Gateway  
  43  3:42  Probe  
  43  3:47  Pylon  
  44  3:49  Probe  
  45  3:55  Stalker  
  45  3:57  Probe  
  45  4:00  Assimilator  
  48  4:08  Observer  
  48  4:09  Probe  
  49  4:14  Stalker  
  46  4:20  Probe (Chrono Boost)  
  48  4:25  Stalker  
  48  4:27  Probe (Chrono Boost)  
  48  4:30  Probe (Chrono Boost)  
  51  4:32  Warp Prism  
  51  4:35  Probe (Chrono Boost)  
  51  4:36  Probe  
  55  4:41  Stalker  
  55  4:45  Stalker  
  59  4:49  Probe  
  59  4:52  Observer, Pylon  
  60  4:54  Stalker  
  62  5:03  Pylon  
  62  5:10  Observer, Probe  
  64  5:19  Observer  
  64  5:23  Nexus  
  64  5:24  Stalker  
  64  5:25  Stalker  
  64  5:27  Stalker  
  70  5:34  Probe x2  
  70  5:35  Charge  
  72  5:36  Observer  
  73  5:46  Probe  
  74  5:52  Gateway  
  74  5:53  Probe  
  74  5:54  Gateway  
  74  5:56  Gateway  
  75  5:58  Probe  
  76  6:05  Probe  
  76  6:11  Observer  
  75  6:20  Probe  
  75  6:22  Gateway  
  75  6:24  Gateway, Probe  
  77  6:28  Pylon  
  77  6:29  Shield Battery, Pylon  
  77  6:30  Observer  
  77  6:33  Immortal (Chrono Boost)  
  77  6:39  Probe  
  82  6:40  Sentry x3  
  82  6:41  Pylon  
  82  6:42  Probe  
  87  6:51  Probe  
  86  6:58  Immortal (Chrono Boost), Stalker x2  
  86  6:59  Stalker  
  97  7:01  Probe  
  97  7:02  Probe  
  97  7:03  Probe  
  99  7:13  Zealot x3, Probe  
  106  7:17  Pylon  
  106  7:18  Pylon  
  106  7:22  Zealot, Pylon  
  108  7:23  Zealot  
  108  7:28  Zealot x4  
  116  7:33  Zealot  
  116  7:34  Zealot x3  
  116  7:36  Immortal (Chrono Boost)  
  119  7:41  Pylon  
  119  7:43  Pylon  
  119  7:44  Assimilator  
  119  7:46  Templar Archives  
  119  7:51  Observer  
  119  7:52  Zealot x4  
  125  7:58  Probe  
  125  7:59  Psionic Storm  
  125  8:02  Assimilator  
  116  8:13  Warp Prism (Chrono Boost)  
  116  8:19  Zealot x8  
  134  8:31  Probe x2  
  136  8:37  Observer  
  136  8:41  Immortal  
  136  8:47  High Templar x3  
  138  8:50  Pylon  
  138  8:51  Zealot x5  
  144  9:07  Probe x2  
  145  9:14  Zealot x2  
  145  9:15  Nexus  
  149  9:17  Pylon  
  149  9:18  Pylon  
  149  9:23  Observer (Chrono Boost)  
  141  9:27  Zealot x4  
  141  9:28  Zealot x2  
  147  9:34  Forge  
  147  9:36  Forge  
  141  9:55  Immortal (Chrono Boost)  
  141  9:56  High Templar x3  
  135  10:02  Protoss Ground Weapons Level 1 (Chrono Boost)  
  135  10:03  Probe  
  135  10:04  Protoss Ground Armor Level 1 (Chrono Boost)  
  135  10:05  Zealot x3  
  135  10:06  Zealot x2  
  144  10:07  Probe  
  144  10:10  Probe  
  144  10:12  Photon Cannon  
  144  10:13  Shield Battery  
  146  10:21  Robotics Bay  
  146  10:24  Assimilator  
  146  10:25  Observer (Chrono Boost)  
  146  10:26  Pylon  
  139  10:32  Robotics Facility, Zealot  
  139  10:33  Probe x3  
  140  10:36  Photon Cannon  
  140  10:39  Zealot  
  142  10:53  Zealot  
  142  10:54  Gateway  
  140  11:05  High Templar  
  140  11:06  High Templar, Zealot x5  
  140  11:10  Colossus  
  156  11:20  Zealot  
  150  11:32  Zealot x5  
  136  11:33  Colossus  
  140  11:42  High Templar  
  140  11:43  High Templar, Probe x2  
  140  11:46  Photon Cannon  
  140  11:47  Photon Cannon, Probe x2  
  148  11:49  Shield Battery  
  148  11:50  High Templar  
  148  11:52  Protoss Ground Weapons Level 2 (Chrono Boost)  
  148  11:54  Archon  
  150  11:56  Zealot  
  152  12:04  Colossus  
  158  12:09  High Templar  
  158  12:12  Zealot  
  158  12:13  Zealot  
  164  12:18  Nexus  
  164  12:19  Zealot x3, Pylon  
  164  12:21  Zealot  
  155  12:35  High Templar  
  157  12:39  Archon  
  157  12:40  Photon Cannon  
  157  12:43  Zealot x5, Pylon  
  167  12:45  Assimilator, Protoss Ground Armor Level 2 (Chrono Boost), Shield Battery  
  167  12:47  Assimilator  
  167  12:49  Zealot x3  
  167  12:51  Colossus (Chrono Boost)  
  177  13:04  Observer  
  177  13:05  High Templar x2  
  181  13:12  Extended Thermal Lance (Chrono Boost)  
  179  13:16  Immortal (Chrono Boost)  
  183  13:21  Zealot  
  183  13:22  Zealot  
  183  13:24  Zealot  
  183  13:25  Nexus  
  189  13:30  Pylon  
  187  13:34  Pylon  
  185  13:43  Immortal  
  185  13:46  Stalker x2  
  185  13:48  Immortal  
  197  13:53  Shield Battery  
  197  13:55  Shield Battery  
  197  13:56  Protoss Ground Weapons Level 3 (Chrono Boost)  
  197  14:00  High Templar, Photon Cannon  
  193  14:11  Archon  
  193  14:12  High Templar  
  193  14:13  High Templar  
  193  14:15  Zealot  
  193  14:16  Zealot x3  
  193  14:23  Zealot x2  
  173  14:31  Archon  
  173  14:34  Zealot  
  173  14:37  Zealot x4  
  177  14:44  Gravitic Drive  
  169  14:47  Protoss Shields Level 1 (Chrono Boost)  
  141  15:01  Stalker x6  
  141  15:02  Stalker x2  
  141  15:03  Immortal  
  159  15:08  Zealot  
  158  15:17  Probe x2  
  160  15:24  Zealot x5  
  160  15:25  Zealot x2  
  127  15:43  Immortal x2 (Chrono Boost)  
  127  15:48  Observer  
  127  15:49  Zealot x2  
  137  15:50  Zealot x2  
  137  15:54  Probe  
  142  15:58  High Templar  
  142  15:59  High Templar x3  
  148  16:16  High Templar  
  148  16:17  High Templar  
  160  16:18  Immortal x2  
  160  16:27  Stalker x2  
  160  16:30  Assimilator x2  
  164  16:37  High Templar  
  164  16:38  High Templar  
  168  16:40  Photon Cannon  
  168  16:41  Shield Battery  
  168  16:42  Photon Cannon, Pylon  
  168  16:43  Zealot x3  
  172  16:51  Protoss Ground Armor Level 3 (Chrono Boost), Stalker x3  
  178  17:01  Observer x2 (Chrono Boost)  
  180  17:08  Stalker x4  
  188  17:14  Zealot  
  190  17:16  Dark Shrine  
  190  17:25  Disruptor x2  
  190  17:27  Zealot  
  190  17:28  Zealot  
  193  18:04  High Templar x2, Zealot x3  
  193  18:05  Zealot x3  
  195  18:11  Disruptor x2  
  187  18:17  Stalker  
  183  18:20  Stargate  
  183  18:25  Gateway, Stalker x4  
  183  18:26  Stalker  
  193  18:27  Gateway  
  193  18:30  Gateway  
  193  18:37  Nexus  
  191  18:46  High Templar x2  
  181  18:54  Pylon  
  181  18:56  Pylon  
  167  19:06  Disruptor  
  167  19:07  Disruptor  
  167  19:09  Zealot x7  
  151  19:35  Stalker x5  
  151  19:36  Stalker  
  153  19:39  Assimilator  
  153  19:41  Assimilator  
  153  19:44  Void Ray (Chrono Boost)  
  157  19:51  Zealot x4  
  165  19:54  Shadow Stride (Chrono Boost)  
  154  20:27  Nexus, Pylon  
  151  20:49  Archon  
  151  20:51  Stalker x2  
  151  20:52  Zealot x4, Stalker x4  
  163  21:02  Disruptor  
  163  21:03  Disruptor  
  166  21:07  Pylon  
  166  21:15  Zealot x5  
  156  21:26  Dark Templar x2  
  156  21:28  Zealot  
Show
View Real Time Build Order
Export as new Build Order

ONSYDERyung Terran - Winner!

Build Orders: 1/1/1 

Get SALT Encoding   

  12  0:00  SCV  
  13  0:12  SCV  
  14  0:17  Supply Depot  
  14  0:24  SCV  
  15  0:38  SCV  
  15  0:40  Barracks  
  16  0:43  Refinery  
  16  0:50  SCV  
  16  0:52  Refinery  
  17  1:02  SCV  
  18  1:15  SCV  
  19  1:26  Reaper  
  19  1:27  Orbital Command  
  19  1:29  Supply Depot  
  20  1:40  Factory  
  20  1:52  SCV  
  21  1:59  Barracks Reactor  
  21  2:04  SCV  
  22  2:16  SCV  
  22  2:18  Command Center  
  23  2:28  Starport  
  23  2:29  SCV  
  24  2:33  Supply Depot  
  24  2:37  Widow Mine  
  26  2:41  SCV  
  26  2:42  Marine  
  28  2:44  Marine  
  28  2:53  SCV  
  28  2:58  Widow Mine  
  31  3:02  Marine x2  
  33  3:05  Medivac  
  33  3:07  SCV  
  36  3:19  Factory Tech Lab, SCV  
  37  3:20  Marine x2  
  39  3:31  SCV  
  40  3:36  Starport Tech Lab  
  40  3:39  Siege Tank  
  43  3:42  Barracks  
  43  3:43  SCV  
  43  3:46  Orbital Command  
  44  3:51  Marine  
  44  3:52  Marine  
  46  3:57  SCV  
  47  4:06  Raven  
  47  4:09  Marine x2  
  48  4:17  SCV x2  
  48  4:19  Supply Depot  
  48  4:27  Bunker  
  48  4:28  Siege Tank  
  48  4:30  SCV x2  
  53  4:37  Marine  
  54  4:40  Marine  
  54  4:43  Supply Depot  
  55  4:46  Barracks, SCV x2  
  55  4:51  Stimpack, Marine  
  58  4:54  Marine  
  58  4:58  SCV x2, Marine  
  62  5:03  Refinery  
  62  5:05  Supply Depot  
  62  5:10  SCV x2  
  62  5:11  Siege Tank  
  67  5:21  Engineering Bay  
  67  5:22  SCV x2, Supply Depot  
  69  5:33  Supply Depot  
  69  5:34  SCV x2  
  69  5:35  Starport Reactor  
  71  5:37  Marine x3  
  74  5:44  Refinery  
  74  5:46  SCV x2  
  74  5:48  Terran Infantry Weapons Level 1, Supply Depot  
  76  5:52  Supply Depot  
  75  6:03  SCV x2  
  75  6:06  Combat Shield, Marauder x2, Marine x2  
  79  6:15  SCV x2  
  81  6:22  Factory Reactor, Medivac  
  83  6:26  Marine x2  
  83  6:29  Command Center  
  83  6:32  Marauder  
  87  6:35  Marauder  
  87  6:36  Concussive Shells  
  89  6:48  Barracks  
  89  6:49  Barracks  
  89  6:50  Medivac  
  88  6:55  Marine x2  
  88  6:56  Medivac  
  88  6:58  SCV x2  
  88  6:59  Marauder  
  96  7:03  Widow Mine  
  96  7:05  Widow Mine  
  100  7:12  SCV x2  
  100  7:13  Supply Depot x2  
  102  7:18  Missile Turret  
  102  7:24  Marine x2  
  104  7:31  Marauder x2  
  104  7:32  Medivac  
  104  7:35  Widow Mine, Medivac  
  104  7:36  Widow Mine  
  116  7:38  Barracks Tech Lab  
  116  7:40  SCV x2  
  118  7:46  Terran Infantry Armor Level 1  
  118  7:51  Supply Depot  
  118  7:52  Supply Depot  
  118  7:56  Marauder x2  
  118  7:57  Marine x2  
  124  7:58  Barracks Reactor  
  124  7:59  Marauder  
  124  8:03  SCV x2  
  128  8:09  Orbital Command, Widow Mine x2  
  132  8:15  SCV x2  
  132  8:19  Marine x2  
  136  8:20  Marauder x2  
  136  8:24  Marauder  
  142  8:29  Supply Depot x2  
  142  8:30  SCV x2  
  144  8:37  Armory  
  144  8:41  Engineering Bay  
  139  8:48  SCV x3  
  139  8:51  Marauder x2, Marine x2  
  139  8:52  Marine  
  147  9:05  SCV x3  
  147  9:07  Ghost Academy  
  147  9:08  Refinery x2  
  150  9:10  Marine x4  
  153  9:29  SCV x3  
  153  9:30  Marine x2  
  156  9:32  Terran Infantry Weapons Level 2  
  156  9:37  Bunker, Ghost x2  
  156  9:38  Ghost  
  162  9:39  Marine  
  162  9:41  SCV x3  
  161  9:50  Marine  
  161  9:51  Marine  
  161  9:52  Supply Depot  
  158  9:53  Supply Depot  
  158  9:54  Widow Mine x2  
  158  9:56  Marine  
  158  9:58  Viking  
  158  9:59  Viking  
  159  10:06  Terran Infantry Armor Level 2  
  156  10:09  Command Center  
  156  10:19  Ghost  
  156  10:21  Ghost, Marine x4  
  162  10:27  Supply Depot  
  162  10:29  Ghost  
  164  10:41  Barracks  
  164  10:42  Barracks  
  162  10:45  Barracks  
  162  10:46  Missile Turret  
  162  10:49  Missile Turret  
  162  10:51  Marine x4  
  162  10:52  Marauder x2  
  168  10:59  Marauder  
  168  11:09  Marine  
  169  11:15  Marine x4  
  169  11:16  Marauder  
  174  11:20  Marauder  
  163  11:34  Marauder  
  163  11:35  Marine x4  
  165  11:41  Barracks Reactor, Barracks Tech Lab x2  
  165  11:49  Widow Mine x2  
  165  11:50  Marauder x2  
  165  11:51  Sensor Tower  
  165  11:52  Medivac x2  
  177  11:54  SCV x2  
  177  11:55  Marauder  
  177  11:58  Starport  
  181  12:06  Terran Infantry Weapons Level 3  
  179  12:19  Ghost x2, Marauder x2, Marine x4  
  179  12:20  Marauder  
  187  12:30  Terran Infantry Armor Level 3  
  187  12:38  Planetary Fortress  
  187  12:40  Command Center  
  187  12:50  Fusion Core, SCV x2  
  187  12:51  SCV  
  190  12:53  Refinery  
  190  12:54  Refinery  
  190  13:08  Terran Ship Weapons Level 1  
  190  13:10  Ghost x2  
  190  13:11  Command Center  
  192  13:13  Ghost, Command Center  
  192  13:19  Missile Turret  
  194  13:20  Missile Turret  
  194  13:27  Missile Turret  
  194  13:33  Ghost x2  
  198  13:50  Advanced Ballistics  
  198  13:55  SCV x2  
  200  13:56  Command Center x2  
  197  14:19  Viking x3  
  189  14:26  Viking, Ghost x3  
  190  14:37  Marauder x2  
  181  14:53  Viking x2  
  181  14:55  Ghost x2  
  181  14:56  Marauder  
  181  14:59  Marine x2  
  173  15:00  Marauder, Marine x4  
  173  15:01  Marauder  
  173  15:03  Planetary Fortress  
  177  15:16  Viking x2  
  177  15:17  Marine x4, Marauder  
  187  15:22  Marauder x2  
  187  15:23  Orbital Command x2  
  187  15:24  Marauder x2  
  193  15:30  Marine x2  
  193  15:35  Marine x2  
  139  15:47  Marauder x4  
  139  15:48  Marauder, Marine x2  
  139  15:49  Caduceus Reactor  
  147  15:51  Orbital Command  
  147  15:53  Orbital Command  
  147  15:59  Marine x2  
  149  16:05  Marine x2  
  149  16:08  Ghost  
  153  16:17  Ghost x3  
  158  16:30  SCV x4  
  162  16:33  Liberator  
  162  16:39  Refinery  
  165  16:44  Liberator  
  166  16:48  SCV x2  
  166  16:49  SCV x4  
  172  16:55  Missile Turret  
  172  16:56  Refinery  
  172  16:57  Liberator  
  172  16:58  Liberator  
  177  17:11  Command Center  
  177  17:13  Command Center  
  177  17:14  Sensor Tower  
  177  17:23  Sensor Tower  
  176  17:32  Marauder x4  
  176  17:34  Marine x3  
  176  17:35  Marine x2  
  184  17:49  Marine x2  
  186  17:52  Marine x2  
  188  18:01  Marauder, Marine x4  
  188  18:02  Marauder x2  
  196  18:07  Marauder  
  196  18:17  Liberator  
  198  18:23  Command Center  
  198  18:26  Orbital Command  
  198  18:33  Terran Ship Weapons Level 2  
  194  18:43  Liberator  
  194  18:46  Liberator  
  194  18:47  Liberator  
  199  18:52  Marauder  
  191  19:17  Liberator  
  194  19:26  Liberator  
  188  19:33  Liberator x2  
  188  19:37  Ghost x3  
  188  19:38  Ghost x2  
  195  19:41  Orbital Command  
  195  19:42  Planetary Fortress  
  195  19:54  Starport  
  195  19:56  Starport  
  195  19:57  Command Center  
  195  19:59  Liberator  
  190  20:09  Missile Turret  
  190  20:12  Sensor Tower  
  188  20:15  Liberator, Sensor Tower  
  191  20:22  Liberator x2  
  193  20:42  Liberator  
  194  20:49  Refinery  
  192  20:50  Refinery  
  182  20:58  Liberator  
  183  21:15  Marauder  
  183  21:16  Marauder  

Tags
 
Add a new tag
Caveats
  • Supply blocks, unpowered buildings, or Contaminate may cause inaccurate times.
  • Supply counts are checked every 10 seconds.